 Dungeon Crawl Stone Soup version 0.30-a0-371-gad7725a93e (webtiles) character file.

Game seed: 11335018236856573539

5863 arthad the Ducker (level 10, 0/77 HPs)
             Began as a Gnoll Hexslinger on Nov 20, 2022.
             Was a High Priest of Okawaru.
             Slain by a two-headed ogre
             ... wielding a +0 giant spiked club
              (17 damage)
             ... on level 10 of the Dungeon.
             The game lasted 00:49:49 (9333 turns).

arthad the Ducker (Gnoll Hexslinger)                Turns: 9333, Time: 00:49:50

Health: 0/77       AC: 11    Str: 13    XL:     10   Next: 81%
Magic:  13/19      EV: 18    Int: 15    God:    Okawaru [*****.]
Gold:   164        SH:  5    Dex: 19    Spells: 11/22 levels left

rFire   . . .      SeeInvis +    M - +0 war axe (freeze)
rCold   . . .      Faith    .    (no shield)
rNeg    . . .      Spirit   .    R - +0 swamp dragon scales
rPois   +          Reflect  +    X - +0 mask of the Dragon {Will+ Slay+3 SInv}
rElec   .          Harm     .    u - +0 cloak
rCorr   .          Rampage  .    (no gloves)
Will    +....                    (no boots)
Stlth   ++++......               z - amulet of reflection
HPRegen 1.12/turn                d - ring of see invisible
MPRegen 0.16/turn                Q - +6 ring of dexterity

@: heroic
A: fangs 1, strong nose, distributed training, regeneration 1, screaming 1,
strong 1, MP-powered wands
a: Renounce Religion, Heroism, Finesse, Duel


You were on level 10 of the Dungeon.
You worshipped Okawaru.
Okawaru was extremely pleased with you.
You visited 2 branches of the dungeon, and saw 11 of its levels.
You also visited: Sewer.

You collected 598 gold pieces.
You spent 434 gold pieces at shops.

Inventory:

Hand Weapons
 a - a +1 sling
 b - a +2 hand axe of electrocution
 g - a +1 broad axe
 r - a +0 dagger of electrocution
 s - a +3 spear of venom
 B - a +3 short sword of venom
 F - a +1 hand axe of draining
 J - a +2 vorpal morningstar
 M - a +0 war axe of freezing (weapon)
Missiles
 h - 26 poisoned darts
 I - 5 silver javelins
 P - 5 boomerangs
 S - a javelin
Armour
 c - a +1 robe
 u - a +0 cloak (worn)
 D - a +2 scale mail of fire resistance
 H - a +0 robe of positive energy
 N - a +0 robe of willpower
 R - +0 swamp dragon scales (worn)
 X - the +0 mask of the Dragon (worn) {Will+ Slay+3 SInv}
   (You bought it in a shop on level 9 of the Dungeon)

   Slay:      It affects your accuracy & damage with ranged weapons and melee
   (+3).
   SInv:      It lets you see invisible.
   Will:      It increases your willpower.
Jewellery
 d - a ring of see invisible (left hand)
 q - an amulet of the acrobat
 z - an amulet of reflection (around neck)
 K - a ring of ice
 Q - a +6 ring of dexterity (right hand)
 U - a ring of wizardry
Wands
 k - a wand of mindburst (19)
 v - a wand of quicksilver (6)
 x - a wand of roots (7)
Scrolls
 j - a scroll of enchant weapon
 n - 3 scrolls of vulnerability
 o - 2 scrolls of teleportation
 p - a scroll of noise
 y - 3 scrolls of butterflies
 G - a scroll of poison
 O - a scroll of fear
 T - a scroll of immolation
 V - 2 scrolls of enchant armour
 W - 3 scrolls of identify
Potions
 e - 4 potions of flight
 f - a potion of haste
 i - 3 potions of ambrosia
 l - 2 potions of lignification
 t - 6 potions of curing
 w - a potion of invisibility
 A - 3 potions of attraction
 C - a potion of degeneration
 E - 3 potions of cancellation
 L - 2 potions of berserk rage


   Skills:
 + Level 6.4(11.4) Fighting
 + Level 5.8(10.8) Short Blades
 + Level 5.8(10.8) Long Blades
 + Level 5.8(10.8) Axes
 + Level 5.8(10.8) Maces & Flails
 + Level 5.8(10.8) Polearms
 + Level 5.8(10.8) Staves
 + Level 7.5(12.5) Ranged Weapons
 + Level 5.8(10.8) Throwing
 + Level 5.8(10.8) Armour
 + Level 7.5(12.5) Dodging
 + Level 5.8(10.8) Stealth
 + Level 5.8(10.8) Shields
 + Level 5.8(10.8) Unarmed Combat
 + Level 6.5 Spellcasting
 + Level 4.8 Conjurations
 + Level 7.4 Hexes
 + Level 4.8 Summonings
 + Level 4.8 Necromancy
 + Level 4.8 Translocations
 + Level 4.8 Transmutations
 + Level 4.8 Fire Magic
 + Level 4.8 Ice Magic
 + Level 4.8 Air Magic
 + Level 4.8 Earth Magic
 + Level 4.8 Poison Magic
 + Level 6.4 Invocations
 + Level 5.8 Evocations


You had 11 spell levels left.
You knew the following spells:

 Your Spells              Type           Power      Damage    Failure   Level
a - Slow                  Hex            100%       N/A       1%          1
b - Sandblast             Erth           38%        2d10      3%          1
c - Inner Flame           Hex/Fire       23%        N/A       6%          3
d - Portal Projectile     Hex/Tloc       46%        N/A       6%          3
e - Stone Arrow           Conj/Erth      38%        3d9       11%         3

Your spell library contained the following spells:

 Spells                   Type           Power      Damage    Failure   Level
 Passwall                 Tmut/Erth      15%        N/A       5%          2
 Dazzling Flash           Conj/Hex       46%        N/A       6%          3
 Cause Fear               Hex            13%        N/A       12%         4
 Silence                  Hex/Air        11%        N/A       50%         5
 Agony                    Necr           19%        N/A       67%         5


Dungeon Overview and Level Annotations

Branches:
Dungeon (10/15)            Temple (1/1) D:7            Lair (0/5) D:8
  Sewer (visited)
    Orc: D:9-12

Altars:
Ashenzari
Cheibriados
Dithmenos
Elyvilon
Fedhas
Gozag
Hepliaklqana
Kikubaaqudgha
Makhleb
Nemelex Xobeh
Okawaru
Qazlal
Ru
Sif Muna
Trog
Uskayaw
Vehumet
Wu Jian
Xom
Yredelemnul
Zin
The Shining One

Shops:
D:9 [


Innate Abilities, Weirdness & Mutations

You have very sharp teeth.
Your uncanny sense of smell can sniff out nearby items.
Your experience applies equally to all skills.
Your natural rate of healing is unusually fast.
You occasionally shout uncontrollably at your foes.
Your muscles are strong. (Str +4, Int/Dex -1)
You expend magic power (3 MP) to strengthen your wands.


Message History

You now have 164 gold pieces (gained 14).
You open the door.
There is an open door here.
A - 3 potions of attraction (gained 1)
You open the door.
There is an open door here.
There is an open door here.
There is an open door here.
You see here an amulet of the acrobat.
A two-headed ogre comes into view.
It is wielding a +0 giant spiked club and a +0 giant club.
Unknown command.
Unknown command.
a - a +1 sling (weapon)
Casting: Portal Projectile (dangerous; 7% risk of failure)
Confirm with . or Enter, or press ? or * to list all spells.
You begin teleporting projectiles to their destination.
The two-headed ogre shouts in stereo!
You magically shoot a sling bullet.
The sling bullet completely misses the two-headed ogre.
You magically shoot a sling bullet.
The sling bullet hits the two-headed ogre.
The two-headed ogre is lightly wounded.
You are no longer teleporting projectiles to their destination.
You shoot a sling bullet.
The sling bullet barely misses the two-headed ogre.
You shoot a sling bullet.
The sling bullet hits the two-headed ogre.
The two-headed ogre is lightly wounded.
The two-headed ogre hits you with a +0 giant spiked club!!
You block the two-headed ogre's attack.
A wyvern comes into view.
The two-headed ogre barely misses you.
The two-headed ogre hits you with a +0 giant club!!
You gain the combat prowess of a mighty hero.
Your +0 war axe of freezing glows with a cold blue light!
M - a +0 war axe of freezing (weapon)
The two-headed ogre hits you with a +0 giant spiked club!!
* * * LOW HITPOINT WARNING * * *
The two-headed ogre hits you with a +0 giant club!
You die...

#......# ## #......#.l #......#.
#......' #...... ..?. #l####
#.O@"# ####.# ### #.# ..#
#######.## #.# ####### #........#
##.#### ......### #........#
#.....#
......'.###........#####.....#
......#..##...........##.....#
......##...........##..#.....####


You could see a two-headed ogre and a wyvern (wandering).

Vanquished Creatures
  Pikel (D:7)
  Maggie (D:8)
  A vampire (D:10)
  A wraith (D:9)
  A wyvern (D:7)
  4 steam dragons
  Duvessa (D:4)
  6 water moccasins
  2 black bears (D:5)
  3 sky beasts
  3 ice beasts
  3 ogres
  2 centaurs
  A phantom (D:4)
  A kobold brigand (D:9)
  2 bullfrogs (D:6)
  2 necrophages
  2 gnoll sergeants
  2 scorpions
  8 wights
  Dowan (D:4)
  A howler monkey (D:9)
  4 hounds
  5 orc priests
  A jelly (D:5)
  2 gnoll boudas (D:5)
  Jessica (D:3)
  2 iguanas
  8 orc wizards
  Robin (D:4)
  11 adders
  26 gnolls
  3 river rats (Sewer)
  3 white imps
  4 ufetubi
  3 worms
  2 dart slugs
  22 orcs
  6 bats
  7 endoplasms
  3 giant cockroaches
  11 goblins
  11 hobgoblins
  6 quokkas
  7 ball pythons
  9 frilled lizards
  5 kobolds
  18 rats
230 creatures vanquished.

Vanquished Creatures (others)
  A gnoll (D:8)
1 creature vanquished.

Grand Total: 231 creatures vanquished

Notes
Turn   | Place    | Note
-------+----------+-------------------------------------------
     0 | D:1      | arthad the Gnoll Hexslinger began the quest for the Orb.
     0 | D:1      | Reached XP level 1. HP: 17/17 MP: 4/4
    91 | D:1      | Reached XP level 2. HP: 23/23 MP: 5/5
   576 | D:2      | Reached XP level 3. HP: 17/28 MP: 7/7
   586 | D:1      | Reached skill level 1 in Invocations
   587 | D:1      | HP: 2/42 [poisoned by an adder]
   709 | D:2      | Found a faded altar of an unknown god.
   717 | D:2      | Prayed at the altar of an unknown god.
   717 | D:2      | Became a worshipper of Warmaster Okawaru
   717 | D:2      | Reached * piety under Okawaru
   856 | D:2      | Reached skill level 1 in Short Blades
   856 | D:2      | Reached skill level 1 in Long Blades
   856 | D:2      | Reached skill level 1 in Axes
   856 | D:2      | Reached skill level 1 in Maces & Flails
   856 | D:2      | Reached skill level 1 in Polearms
   856 | D:2      | Reached skill level 1 in Staves
   856 | D:2      | Reached skill level 1 in Throwing
   856 | D:2      | Reached skill level 1 in Armour
   856 | D:2      | Reached skill level 1 in Stealth
   856 | D:2      | Reached skill level 1 in Shields
   856 | D:2      | Reached skill level 1 in Unarmed Combat
   856 | D:2      | Reached skill level 1 in Evocations
   931 | D:2      | Reached XP level 4. HP: 34/34 MP: 8/8
  1136 | D:3      | Found a burning altar of Makhleb.
  1403 | D:3      | Learned a level 1 spell: Sandblast
  1407 | D:3      | Learned a level 3 spell: Inner Flame
  1411 | D:3      | Learned a level 3 spell: Portal Projectile
  1579 | D:3      | Reached skill level 1 in Conjurations
  1579 | D:3      | Reached skill level 1 in Summonings
  1579 | D:3      | Reached skill level 1 in Necromancy
  1579 | D:3      | Reached skill level 1 in Translocations
  1579 | D:3      | Reached skill level 1 in Transmutations
  1579 | D:3      | Reached skill level 1 in Fire Magic
  1579 | D:3      | Reached skill level 1 in Ice Magic
  1579 | D:3      | Reached skill level 1 in Air Magic
  1579 | D:3      | Reached skill level 1 in Earth Magic
  1579 | D:3      | Reached skill level 1 in Poison Magic
  1602 | D:3      | Noticed Jessica
  1609 | D:3      | Killed Jessica
  2174 | D:4      | Noticed a scorpion
  2186 | D:4      | Gained mutation: You expend magic power (3 MP) to
                  | strengthen your wands. [potion of mutation]
  2186 | D:4      | Gained mutation: You occasionally shout uncontrollably at
                  | your foes. [potion of mutation]
  2186 | D:4      | Gained mutation: Your muscles are strong. (Str +4, Int/Dex
                  | -1) [potion of mutation]
  2186 | D:4      | Gained mutation: Your natural rate of healing is unusually
                  | fast. [potion of mutation]
  2191 | D:4      | Killed a scorpion
  2192 | D:4      | Reached XP level 5. HP: 14/41 MP: 9/9
  2366 | D:4      | Noticed Robin
  2374 | D:4      | Killed Robin
  2375 | D:4      | Reached XP level 6. HP: 33/47 MP: 11/11
  2443 | D:4      | Reached skill level 5 in Ranged Weapons
  2443 | D:4      | Reached skill level 5 in Dodging
  2573 | D:4      | Noticed Dowan
  2573 | D:4      | Noticed Duvessa
  2578 | D:4      | Killed Dowan
  2578 | D:4      | Reached ** piety under Okawaru
  2579 | D:4      | Killed Duvessa
  2580 | D:4      | Reached XP level 7. HP: 43/52 MP: 0/12
  2873 | D:5      | Entered Level 5 of the Dungeon
  2971 | D:4      | Learned a level 3 spell: Stone Arrow
  3191 | D:5      | Reached XP level 8. HP: 45/60 MP: 14/14
  3558 | D:5      | Reached *** piety under Okawaru
  4030 | D:6      | Reached XP level 9. HP: 50/66 MP: 6/16
  4088 | D:6      | Found a glowing drain.
  4094 | Sewer    | Entered a sewer
  4565 | D:6      | Reached skill level 5 in Spellcasting
  4632 | D:6      | Reached **** piety under Okawaru
  4724 | D:6      | Found an ancient bone altar of Kikubaaqudgha.
  4753 | D:6      | Reached skill level 5 in Fighting
  4852 | D:6      | Found an opulent altar of Gozag.
  5285 | D:6      | Received a gift from Okawaru
  5286 | D:6      | Reached skill level 5 in Invocations
  5881 | D:7      | Found a staircase to the Ecumenical Temple.
  5934 | D:7      | Reached skill level 5 in Short Blades
  5934 | D:7      | Reached skill level 5 in Long Blades
  5934 | D:7      | Reached skill level 5 in Axes
  5934 | D:7      | Reached skill level 5 in Maces & Flails
  5934 | D:7      | Reached skill level 5 in Polearms
  5934 | D:7      | Reached skill level 5 in Staves
  5934 | D:7      | Reached skill level 5 in Throwing
  5934 | D:7      | Reached skill level 5 in Armour
  5934 | D:7      | Reached skill level 5 in Stealth
  5934 | D:7      | Reached skill level 5 in Shields
  5934 | D:7      | Reached skill level 5 in Unarmed Combat
  5934 | D:7      | Reached skill level 5 in Evocations
  5934 | D:7      | Reached XP level 10. HP: 76/76 MP: 7/18
  6324 | D:7      | Received a gift from Okawaru
  6738 | D:7      | Noticed Pikel
  6754 | D:7      | Killed Pikel
  6754 | D:7      | Received a gift from Okawaru
  6780 | D:7      | Reached ***** piety under Okawaru
  7146 | Temple   | Entered the Ecumenical Temple
  7557 | D:8      | Noticed Maggie
  7575 | D:8      | Killed Maggie
  7575 | D:8      | Received a gift from Okawaru
  7847 | D:8      | Found a staircase to the Lair.
  8002 | D:8      | Noticed a boulder beetle
  9038 | D:9      | Found Efiepn's Armour Shoppe.
  9048 | D:9      | Bought the +0 mask of the Dragon {Will+ Slay+3 SInv} for
                  | 434 gold pieces
  9048 | D:9      | Found the +0 mask of the Dragon {Will+ Slay+3 SInv}
  9137 | D:10     | Entered Level 10 of the Dungeon
  9230 | D:10     | Received a gift from Okawaru
  9323 | D:10     | Noticed a two-headed ogre
  9333 | D:10     | Slain by a two-headed ogre

Illustrated notes

Levels and vault maps discovered:
D:1:      lightli_arrival_farm, layout_basic
D:2:      layout_rooms, basic_ecumenical_altar, mrwooster_statue_mirror
D:3:      layout_basic, general_overflow_altar, kennysheep_generic_room_10,
          uniq_jessica
D:4:      layout_gridville, uniq_duvessa, uniq_robin
D:5:      kennysheep_six_static_rooms, layout_cave_pools, lightli_minifort
D:6:      layout_basic, grunt_gozag_statues, mainiacjoe_overflow_tiny_flanked,
          gup_sewer_entry_bubbles, dk_vineyard_1
D:7:      layout_basic, minmay_temple_entry_mist, st_stairs_6, uniq_pikel
D:8:      layout_basic, uniq_maggie
D:9:      layout_irregular_city, serial_shops, nicolae_lakefront_shop
D:10:     layout_roguey, uniq_erica
Temple:   hellmonk_temple_of_storms

Skill      XL: |  1  2  3  4  5  6  7  8  9 10 |
---------------+-------------------------------+-----
Invocations    | 1 2 3 4 5 6 |  6.4
Short Blades   | 1 2 3 5 |  5.8
Long Blades    | 1 2 3 5 |  5.8
Axes           | 1 2 3 5 |  5.8
Maces & Flails | 1 2 3 5 |  5.8
Polearms       | 1 2 3 5 |  5.8
Staves         | 1 2 3 5 |  5.8
Throwing       | 1 2 3 5 |  5.8
Armour         | 1 2 3 5 |  5.8
Stealth        | 1 2 3 5 |  5.8
Shields        | 1 2 3 5 |  5.8
Unarmed Combat | 1 2 3 5 |  5.8
Evocations     | 1 2 3 5 |  5.8
Spellcasting   | 3 4 5 6 |  6.5
Conjurations   | 1 2 3 4 |  4.8
Summonings     | 1 2 3 4 |  4.8
Necromancy     | 1 2 3 4 |  4.8
Translocations | 1 2 3 4 |  4.8
Transmutations | 1 2 3 4 |  4.8
Fire Magic     | 1 2 3 4 |  4.8
Ice Magic      | 1 2 3 4 |  4.8
Air Magic      | 1 2 3 4 |  4.8
Earth Magic    | 1 2 3 4 |  4.8
Poison Magic   | 1 2 3 4 |  4.8
Fighting       | 3 4 5 6 |  6.4
Ranged Weapons | 5 6 7 |  7.5
Dodging        | 5 6 7 |  7.5
Hexes          | 6 7 |  7.4

Action                   |  1- 3 |  4- 6 |  7- 9 | 10-12 || total
-------------------------+-------+-------+-------+-------++-------
Melee: Broad axe         |     4 |       |       |       ||     4
       Dagger            |       |     1 |    55 |       ||    56
       Hand axe          |       |    12 |   197 |    35 ||   244
       Bite              |       |     2 |    31 |    10 ||    43
       Punch             |       |       |    13 |     5 ||    18
       Morningstar       |       |       |    20 |    41 ||    61
       War axe           |       |       |       |    18 ||    18
 Fire: Sling             |    75 |   153 |   330 |   205 ||   763
Throw: Dart              |       |       |     3 |       ||     3
 Cast: Slow              |     2 |     2 |     6 |       ||    10
       Inner Flame       |       |     2 |     2 |     2 ||     6
       Portal Projectile |       |     2 |     4 |     8 ||    14
       Sandblast         |       |       |     2 |       ||     2
       Stone Arrow       |       |       |    19 |       ||    19
Invok: Heroism           |       |     2 |     5 |     2 ||     9
       Finesse           |       |       |       |     1 ||     1
Evoke: Wand              |       |     3 |     3 |     3 ||     9
  Use: Scroll            |     4 |     2 |    12 |     2 ||    20
       Potion            |     1 |     4 |     5 |     5 ||    15
 Stab: Sleeping          |       |       |     4 |     2 ||     6
Armor: Robe              |     6 |    40 |    75 |    22 ||   143
       Skin              |     3 |       |       |       ||     3
       Swamp dragon scal |       |       |       |    37 ||    37
Dodge: Dodged            |    20 |    58 |   310 |   174 ||   562
Block: Other             |       |       |   105 |    56 ||   161
       Reflection        |       |       |     2 |       ||     2

Table legend: (Time is in decaauts)
 A = Elapsed time spent in this place.
 B = Non-inter-level travel time spent in this place.
 C = Inter-level travel time spent in this place.
 D = Time resting spent in this place.
 E = Time spent auto-exploring this place.
 F = Levels seen in this place.
 G = Mean time per level.
                   A        B        C        D        E       F      G
               +--------+--------+--------+--------+--------+-----+--------+
         Total |   9510 |   9218 |    292 |    828 |   6015 |  12 |  792.5 |
       Dungeon |   9032 |   8746 |    286 |    828 |   5723 |  10 |  903.2 |
        Temple |     39 |     33 |      6 |      0 |     18 |   1 |   39.0 |
         Sewer |    437 |    437 |      0 |      0 |    274 |   1 |  437.0 |
               +--------+--------+--------+--------+--------+-----+--------+

Top non-repeatable levels by time:
     D:7: 1680 daAuts
     D:6: 1244 daAuts
     D:3: 1132 daAuts
     D:8: 1078 daAuts
     D:5: 917 daAuts
     D:9: 852 daAuts
     D:4: 816 daAuts
     D:1: 732 daAuts
   Sewer: 437 daAuts
     D:2: 380 daAuts
    D:10: 197 daAuts
  Temple: 39 daAuts
